Cogmind - Beta 16 @@@ ROGUE MODE // 2025.12.19 @ 12:47:20 Player: winnking222 Result: Self-destructed Performance ------------- Evolutions (9) 4500 Regions Visited (23) 4600 Robots Destroyed (366) 1830 Value Destroyed (24776) 24776 Prototype IDs (31) 620 Alien Tech Used (0) 0 Bonus (17252) 17252 TOTAL SCORE: 53578 Bonus ------- High Alert Combat Kills 4453 Follower Combat Kills 6654 Entered Garrisons 1800 Used RIF Installer 4500 Friendly Fire -155 Cogmind --------- Core Integrity 1476/1600 Matter 110/300 Energy 190/190 System Corruption 0% Temperature Cool (0) Movement Walking (114) Location -1/Access Parts ------- > --- POWER (2) -------- Light Quantum Reactor > --- PROPULSION (5) --- Myomer Leg Biometal Leg Biometal Leg Biometal Leg Centrium Leg > --- UTILITY (15) ----- Advanced Heat Sink Advanced Cooling System Improved Targeting Computer Relay Coupler [NC] (15) Relay Coupler [C] (2) Relay Coupler [Sentry] (26) Relay Coupler [Specialist] (38) Relay Coupler [Hunter] (10) Relay Coupler [Heavy] (19) > --- WEAPON (3) ------- Enhanced Nova Cannon Advanced Remote Datajack Plasma Lance > --- INVENTORY (5) ---- Compact Wheel Quantum Capacitor Graphene Brace Advanced Point Defense System Peak State ------------ > --- POWER ------------ Light Quantum Reactor Light Quantum Reactor > --- PROPULSION ------- Myomer Leg Biometal Leg Biometal Leg Biometal Leg Centrium Leg > --- UTILITY ---------- Advanced Heat Sink Advanced Cooling System Advanced Cooling System High-capacity Storage Unit Improved Targeting Computer Advanced Phase Shifter Improved Heavy Armor Plating Relay Coupler [NC] Relay Coupler [C] Relay Coupler [Sentry] Relay Coupler [Specialist] Relay Coupler [Hunter] Relay Coupler [Heavy] > --- WEAPON ----------- Enhanced Nova Cannon Enhanced Nova Cannon Advanced Remote Datajack > --- INVENTORY -------- Light Quantum Reactor Compact Wheel Matter Compressor Quantum Capacitor Heavy Armor Plating Graphene Brace Advanced Point Defense System Relay Coupler [NC] Relay Coupler [C] Relay Coupler [C] Relay Coupler [Sentry] Relay Coupler [Sentry] Relay Coupler [Specialist] Relay Coupler [Hunter] Relay Coupler [Heavy] Advanced Remote Datajack Plasma Cutter Plasma Lance [Rating: 162] Favorites ----------- Power Light Quantum Reactor Engine Reinforced Ion Engine Power Core Fission Core Reactor Light Quantum Reactor Propulsion Light Treads Treads Light Treads Leg Myomer Leg Wheel Compact Wheel Utility Advanced Heat Sink Device Advanced Heat Sink Storage High-capacity Storage Unit Processor Advanced Targeting Computer Hackware Relay Coupler [Sentry] Protection Improved Medium Armor Plating Weapon Autogun Energy Gun Enhanced Quantum Rifle Energy Cannon Enhanced Nova Cannon Ballistic Gun Autogun Ballistic Cannon Hypervelocity Gauss Cannon Launcher Rocket Launcher Special Weapon Advanced Remote Datajack Impact Weapon Heavy Mace Piercing Weapon Plasma Lance Build | -11 -10 -9 -9 -8 -8 -8 -7 -7 -7 -7 -6 -6 -5 -5 -4 -4 -3 -3 -2 -2 -2 -2 -1 ------- Run | Yrd Mat Mat Min Mat Gar Mat Fac Gar Fac Gar Fac Gar Fac Gar Fac Gar Res Gar Res Gar Res Gar Acc Slots Evolved 18 | . . 2 . 2 . . 2 . . . 2 . 2 . 2 . 2 . 2 . . . 2 Power 1 | . . . . . . . . . . . . . 1 . . . . . . . . . . Propulsion 3 | . . 1 . . . . . . . . 1 . . . . . . . . . . . 1 Utility 13 | . . . . 2 . . 2 . . . 1 . 1 . 2 . 2 . 2 . . . 1 Weapon 1 | . . 1 . . . . . . . . . . . . . . . . . . . . . Parts Attached 399 | 7 8 31 5 26 16 7 1 17 . 17 3 19 8 30 5 20 12 58 . 49 11 46 3 Power 46 | 1 1 3 2 2 2 . . . . 2 . 4 3 4 1 . 3 7 . 5 2 4 . Engine 17 | 1 1 3 2 2 1 . . . . 1 . 4 . 2 . . . . . . . . . Core 4 | . . . . . 1 . . . . 1 . . 2 . . . . . . . . . . Reactor 25 | . . . . . . . . . . . . . 1 2 1 . 3 7 . 5 2 4 . Propulsion 88 | 2 2 12 1 7 4 3 . 3 . 2 1 . . 7 . 2 1 13 . 13 2 12 1 Treads 58 | 2 2 12 1 7 4 3 . 3 . 2 1 . . 6 . 2 1 12 . . . . . Leg 29 | . . . . . . . . . . . . . . 1 . . . . . 13 2 12 1 Wheel 1 | . . . . . . . . . . . . . . . . . . 1 . . . . . Hover . | . . . . . . . . . . . . . . . . . . . . . . . . Flight . | . . . . . . . . . . . . . . . . . . . . . . . . Utility 175 | 2 3 4 1 9 3 3 1 11 . 8 2 11 3 10 4 14 7 24 . 24 6 23 2 Device 51 | 1 . . . . 1 . . 3 . . 1 1 1 5 3 3 3 10 . 12 1 6 . Storage 5 | 1 2 . . . . . . . . . 1 . . . . . . . . . . 1 . Processor 5 | . . . . 1 . . . . . . . . 1 . . . 1 1 . . . 1 . Hackware 64 | . . . . 1 . 3 1 5 . 7 . 7 1 1 . 7 . 7 . 9 3 11 1 Protection 50 | . 1 4 1 7 2 . . 3 . 1 . 3 . 4 1 4 3 6 . 3 2 4 1 Artifact . | . . . . . . . . . . . . . . . . . . . . . . . . Weapon 90 | 2 2 12 1 8 7 1 . 3 . 5 . 4 2 9 . 4 1 14 . 7 1 7 . Energy Gun 22 | . . 1 . 1 3 . . . . . . . 1 7 . 3 . 4 . 1 1 . . Energy Cannon 14 | . . 1 . . . . . . . . . . . 1 . . . 5 . 4 . 3 . Ballistic Gun 35 | 2 2 10 1 6 2 . . 2 . 4 . 1 . 1 . . 1 3 . . . . . Ballistic Cannon 3 | . . . . . . . . . . . . 3 . . . . . . . . . . . Launcher 1 | . . . . 1 . . . . . . . . . . . . . . . . . . . Special Weapon 12 | . . . . . 1 1 . . . 1 . . . . . 1 . 2 . 2 . 4 . Impact Weapon 2 | . . . . . 1 . . 1 . . . . . . . . . . . . . . . Slashing Weapon . | . . . . . . . . . . . . . . . . . . . . . . . . Piercing Weapon 1 | . . . . . . . . . . . . . 1 . . . . . . . . . . Special Melee Weapon . | . . . . . . . . . . . . . . . . . . . . . . . . Unidentified Prototypes 14 | . . 3 . 2 . . . 2 . . . . 2 . . . 4 . . . 1 . . Parts Lost 119 | . 3 1 . 11 4 . . 1 . 3 . 8 . 9 . 6 . 31 . 21 6 7 8 Power 17 | . 1 . . . . . . . . 2 . 3 . . . . . 4 . 3 1 2 1 Propulsion 22 | . 1 . . 4 1 . . . . . . . . 2 . . . 8 . 3 2 1 . Utility 54 | . 1 1 . 4 2 . . . . 1 . 3 . 4 . 5 . 12 . 9 3 3 6 Weapon 26 | . . . . 3 1 . . 1 . . . 2 . 3 . 1 . 7 . 6 . 1 1 Highest Loss Streak 14 | . 1 1 . 2 2 . . 1 . 1 . 2 . 3 . 3 . 14 . 10 4 2 8 To Critical Strikes 1 | . . . . . . . . . . . . . . 1 . . . . . . . . . Average Backups 19 | 4 13 19 20 18 17 19 19 19 18 17 19 24 24 23 22 21 22 19 18 17 17 17 17 Power . | . . 2 . . . . . . . . . . . . 1 1 1 . . . . . . Propulsion 3 | 3 7 4 4 4 4 3 4 4 4 3 2 2 2 1 3 3 3 1 1 1 2 1 1 Utility 9 | . . 3 4 4 5 10 9 11 11 11 11 16 16 14 12 11 10 9 11 11 10 11 12 Weapon 5 | . 4 8 9 8 6 4 4 2 2 2 4 4 5 6 4 5 6 6 5 2 2 1 . Tool/Special . | . . . . . . . . . . . . . . . . . . . . . . . . Unused Backups 76 | . 3 8 . 3 5 3 1 4 . 3 . 3 5 8 . 2 . 7 . 2 1 7 11 Power 7 | . . 1 . 1 . . . . . . . . . 1 . . . 1 . . 1 2 . Propulsion 11 | . 2 3 . . 1 2 . 1 . 1 . . . . . . . . . . . 1 . Utility 38 | . . 1 . 1 4 1 . 3 . 2 . 3 . 6 . . . 2 . 2 . 3 10 Weapon 19 | . 1 3 . 1 . . 1 . . . . . 5 1 . 2 . 4 . . . 1 . Tool/Special 1 | . . . . . . . . . . . . . . . . . . . . . . . 1 Average Slot Usage (%) 92 | . 99 98 100 96 98 99 97 99 92 91 85 82 85 92 87 87 88 80 82 91 93 91 88 Engine 4 | . 13 10 11 9 6 . . . . 2 6 4 2 6 . . . . . . . . . Core 1 | . . . . . 2 9 7 7 7 4 . . 4 1 . . . . . . . . . Reactor 3 | . . . . . . . . . . . . . 2 3 10 10 8 8 8 7 8 7 8 Treads 16 | . 27 32 33 26 26 27 23 22 15 14 12 13 11 15 10 10 9 9 8 . . . . Leg 2 | . . . . . . . . . . . . . . 1 . . . . . 13 17 16 17 Device 10 | . 7 . . . 7 . . . . . 5 6 13 16 23 19 22 20 26 24 20 14 15 Storage 6 | . 14 11 11 9 9 9 7 7 7 7 6 6 5 5 5 5 4 3 4 4 4 4 3 Processor 3 | . . . . 8 9 9 7 7 7 7 6 1 1 . . . . 3 4 4 4 4 4 Hackware 13 | . . . . 6 . 16 21 23 23 22 20 19 17 17 15 14 14 11 13 16 21 24 24 Protection 7 | . 6 10 11 8 8 . 6 6 7 7 6 10 5 4 5 9 13 3 4 4 3 5 3 Energy Gun 4 | . . . . . 15 . . . . . . . . 10 10 11 8 7 . . . . . Energy Cannon 1 | . . . . . . . . . . . . . . . 5 . . 2 8 7 7 7 7 Ballistic Gun 11 | . 28 32 33 26 8 18 15 17 23 16 18 9 . 2 . . . 3 . . . . . Special Weapon 1 | . . . . . . 8 7 . . 4 1 3 . . . 3 4 . 4 3 4 3 4 Peak Build Rating 162 | 7 9 20 21 33 37 39 43 53 52 61 75 85 101 120 134 141 145 152 135 141 140 153 162 Average Rating 75 | 5 7 16 20 27 31 37 41 43 52 53 74 77 96 86 131 134 140 114 135 130 137 139 154 On Entrance 76 | . 7 9 20 21 32 31 39 43 52 52 60 74 85 101 119 134 130 144 136 135 140 122 153 Avg Prop Armor Cover (%) 6 | . . . . . . . . . . . . 8 . 3 . . . 9 . . . . . Naked Turns . | . . . . . . . . . . . . . . . . . . . . . . . . Heaviest Build 168 | 13 52 63 66 77 77 68 66 67 66 70 111 129 147 155 157 157 161 168 116 129 123 128 124 Greatest Support 155 | 40 40 66 66 66 62 62 60 95 95 95 150 150 150 150 150 150 150 155 150 150 106 109 139 Greatest Overweight (x) 8 | . 1 1 . 1 1 1 1 1 . . . 1 . 2 1 1 1 8 . 8 1 1 1 Average Overweight (x) . | . . . . . . . . . . . . . . 1 1 . . 2 . 1 1 . . Largest Inventory Capacity 25 | 8 20 20 20 20 20 20 20 20 20 20 25 25 25 25 25 25 25 25 20 20 20 20 20 Average Capacity 21 | 7 14 20 20 20 20 20 20 20 20 20 24 25 25 25 25 25 25 21 20 20 20 20 19 Most Carried 25 | 7 20 20 20 20 20 20 20 20 20 20 20 25 25 25 25 25 25 25 19 20 20 20 20 Average Carried 20 | 4 13 19 19 18 17 19 19 19 20 19 19 24 24 23 24 24 24 20 19 19 18 19 19 Final Capacity 25 | 8 20 20 20 20 20 20 20 20 20 20 25 25 25 25 25 25 25 20 20 20 20 20 5 Final Carried 25 | 6 20 20 20 20 20 20 20 20 20 20 20 24 25 25 25 25 25 19 19 20 16 20 5 Class Distribution -------------------- 30% | Botlord-Tank 13% | Scavenger-Tank 9% | Bothacker-Tank 7% | Tank 7% | Mutant 7% | Scavenger-Gunner 7% | Gunner 4% | Scavenger-Mutant 4% | Bothacker-Gunner Dominant Class ---------------- Mutant | -10/Materials Tank | -9/Materials Scavenger-Tank | -9/Mines Gunner | -8/Materials Scavenger-Gunner | -8/Garrison Bothacker-Gunner | -8/Materials Bothacker-Gunner | -7/Factory Mutant | -7/Garrison Commander-Tank | -7/Factory Bothacker-Tank | -7/Garrison Bothacker-Tank | -6/Factory Bothacker-Tank | -6/Garrison Scavenger-Tank | -5/Factory Scavenger-Tank | -5/Garrison Tank | -4/Factory Botlord-Tank | -4/Garrison Botlord-Tank | -3/Research Botlord-Tank | -3/Garrison Botlord-Tank | -2/Research Botlord-Tank | -2/Garrison Botlord-Gunner | -2/Research Botlord-Tank | -2/Garrison Botlord-Tank | -1/Access Resources | -11 -10 -9 -9 -8 -8 -8 -7 -7 -7 -7 -6 -6 -5 -5 -4 -4 -3 -3 -2 -2 -2 -2 -1 ----------- Run | Yrd Mat Mat Min Mat Gar Mat Fac Gar Fac Gar Fac Gar Fac Gar Fac Gar Res Gar Res Gar Res Gar Acc Matter Collected 14987 | 296 410 1222 277 1402 820 344 76 1027 . 876 193 1497 594 656 30 606 66 1696 . 1360 228 1272 39 Remotely . | . . . . . . . . . . . . . . . . . . . . . . . . Salvage Created 18823 | 166 618 1680 343 2081 1497 212 67 1313 . 701 224 699 773 1691 340 1385 . 2236 . 1060 439 1278 20 Parts 902 | 11 34 121 20 105 65 12 4 54 . 26 5 38 50 75 14 45 . 104 . 48 16 55 . Haulers Intercepted 16 | . 1 6 . 4 . 2 . . . . 2 . 1 . . . . . . . . . . Recyclers Shooed 4 | . . 1 . . . 1 1 . . . . . . . . . 1 . . . . . . Parts Field Recycled . | . . . . . . . . . . . . . . . . . . . . . . . . Retrieved Matter . | . . . . . . . . . . . . . . . . . . . . . . . . Parts Self-Destructed . | . . . . . . . . . . . . . . . . . . . . . . . . Prevented . | . . . . . . . . . . . . . . . . . . . . . . . . Parts Restored . | . . . . . . . . . . . . . . . . . . . . . . . . Kills | -11 -10 -9 -9 -8 -8 -8 -7 -7 -7 -7 -6 -6 -5 -5 -4 -4 -3 -3 -2 -2 -2 -2 -1 ------- Run | Yrd Mat Mat Min Mat Gar Mat Fac Gar Fac Gar Fac Gar Fac Gar Fac Gar Res Gar Res Gar Res Gar Acc Combat Hostiles Destroyed 316 | . 14 32 12 38 35 2 1 12 . 12 . 13 11 32 5 22 . 35 . 15 7 17 1 Melee 1 | . . . . . . . . . . . . . . 1 . . . . . . . . . Guns 248 | . 14 32 12 38 34 2 1 12 . 12 . 11 . 29 1 22 . 27 . 1 . . . Cannons 53 | . . . . . . . . . . . . 2 11 2 2 . . 3 . 11 6 15 1 AOE 1 | . . . . . . . . . . . . . . . . . . 1 . . . . . Classes Destroyed 18 | 2 4 4 2 2 1 . . . . . . . 1 1 . . . 1 . . . . . Worker 7 | . . 2 . 2 . 1 1 . . . . . 1 . . . . . . . . . . Builder 2 | . . 2 . . . . . . . . . . . . . . . . . . . . . Tunneler 5 | 4 . . . 1 . . . . . . . . . . . . . . . . . . . Hauler 16 | . 1 6 . 4 . 2 . . . . 2 . 1 . . . . . . . . . . Recycler 5 | 1 . 2 . 1 . . . . . . . . 1 . . . . . . . . . . Operator 1 | . . 1 . . . . . . . . . . . . . . . . . . . . . Watcher 12 | . 3 4 . 4 . . . . . . . . . . 1 . . . . . . . . Swarmer 87 | . 3 12 7 8 8 . . 3 . 2 . 3 . 12 . 7 . 11 . 4 3 3 1 Cutter 4 | . . . . . . . . . . . . . . . . . . 4 . . . . . Saboteur 2 | . . . . . . . . . . . . . 2 . . . . . . . . . . Grunt 109 | . 11 12 3 16 16 1 1 5 . 7 . 2 5 10 3 7 . 6 . 1 . 3 . Brawler 7 | . . . 1 . 1 . . . . 1 . 2 . 1 . . . . . 1 . . . Duelist 6 | . . . 1 1 . . . . . . . 1 . . . . . . . . . 3 . Sentry 42 | . . 8 . 9 3 1 . 3 . 1 . 2 2 2 . . . 8 . 2 . 1 . Hunter 21 | . . . . 3 1 . . . . . . . . 3 . 5 . 2 . . 4 3 . Programmer 31 | . . . . . 5 . . 1 . 1 . 3 2 3 2 2 . 1 . 6 . 5 . Heavy 1 | . . . . 1 . . . . . . . . . . . . . . . . . . . Behemoth 7 | . . . . . . . . . . . . . . 1 . 1 . 3 . 1 . 1 . Butcher 1 | . . . . . 1 . . . . . . . . . . . . . . . . . . Best Kill Streak 10 | 4 4 8 4 10 5 2 1 3 . 2 1 4 5 6 3 6 . 5 . 4 4 3 1 Combat Bots Only 9 | . 3 5 4 9 5 1 1 3 . 2 . 4 4 6 3 6 . 5 . 4 4 3 1 Max Kills in Single Turn 2 | 1 2 2 2 2 1 1 1 1 . 1 1 2 2 2 1 1 . 2 . 1 1 1 1 Gunslinging 1 | . 1 1 1 1 . . . . . . . . . 1 . . . 1 . . . . . Exploded 1 | . . . . . . . . . . . . . . . . . . 1 . . . . . Melee 1 | . . . . . . . . . . . . . . 1 . . . . . . . . . Uniques/NPCs Destroyed . | . . . . . . . . . . . . . . . . . . . . . . . . Combat | -11 -10 -9 -9 -8 -8 -8 -7 -7 -7 -7 -6 -6 -5 -5 -4 -4 -3 -3 -2 -2 -2 -2 -1 -------- Run | Yrd Mat Mat Min Mat Gar Mat Fac Gar Fac Gar Fac Gar Fac Gar Fac Gar Res Gar Res Gar Res Gar Acc Hostile Shots Fired 2501 | . 114 107 41 183 195 24 2 116 . 122 . 118 20 160 26 178 2 471 . 273 111 125 113 Missed 741 | . 37 38 13 39 53 10 1 36 . 32 . 32 6 31 9 44 1 152 . 77 38 49 43 Hits 1760 | . 77 69 28 144 142 14 1 80 . 90 . 86 14 129 17 134 1 319 . 196 73 76 70 Melee 37 | . . . 1 . . . . . . 2 . 5 . . . . . 26 . . . 3 . Projectile 1723 | . 77 69 27 144 142 14 1 80 . 88 . 81 14 129 17 134 1 293 . 196 73 73 70 AOE 7 | . . . . . . . . . . . . . . 1 . 2 . 4 . . . . . Critical Strikes 64 | . . 1 . 5 3 . 1 . . 4 . 4 1 3 2 3 . 13 . 17 2 4 1 Actively Blocked 30 | . . . . . . . . . . . . . . . . . . 13 . 17 . . . Part Disruptions 3 | . . . . . . . . . . . . . . . . . . . . 2 . 1 . Damage Taken 33458 | . 838 777 252 2222 1949 278 14 964 . 1149 . 1770 348 2569 398 2689 51 7764 . 4657 1529 1673 1567 Core 3244 | . 166 45 31 158 238 100 14 105 . 146 . 83 52 265 68 218 . 680 . 490 130 131 124 Absorbed by Shields 744 | . . . . . 17 . . . . . . . . 195 149 359 . . . 24 . . . Reduced by Siege Mode 307 | . . . . . . . . . . . . 15 . 21 8 105 . 158 . . . . . Ignored by Resistances 213 | . . . . . . . . . . . . 44 . 20 . . . 57 . 92 . . . Core Remaining (%) 61 | 100 33 . 81 . . 9 . . . 62 . 90 . 68 . 75 . 47 . . . 48 . Volleys Fired 1534 | 13 86 88 17 123 94 35 10 87 . 85 8 77 23 117 19 161 7 174 3 127 38 116 26 Largest 3 | 2 2 3 3 3 3 2 2 3 . 3 3 3 3 3 3 3 1 3 1 3 2 2 2 Hottest 360 | 40 40 69 69 69 183 46 46 69 . 69 99 153 153 296 296 241 65 360 10 360 240 240 240 Shots Fired 3337 | 26 172 264 51 356 277 62 13 180 . 145 22 177 69 282 51 322 7 397 3 196 63 172 30 Gun 2550 | 26 172 264 51 356 277 54 6 175 . 116 21 140 . 273 34 286 1 291 . 7 . . . Cannon 500 | . . . . . . . . . . . . 16 69 9 17 . . 87 . 125 53 116 8 Launcher . | . . . . . . . . . . . . . . . . . . . . . . . . Special 287 | . . . . . . 8 7 5 . 29 1 21 . . . 36 6 19 3 64 10 56 22 Kinetic 1802 | 26 172 264 51 356 147 54 6 175 . 116 21 156 69 34 . . . 155 . . . . . Thermal 1249 | . . . . . 130 . . . . 1 . . . 248 51 286 1 223 . 132 53 116 8 Explosive . | . . . . . . . . . . . . . . . . . . . . . . . . Electromagnetic . | . . . . . . . . . . . . . . . . . . . . . . . . Robot Hit Streak 47 | 6 14 10 7 28 39 15 5 37 . 40 47 21 6 35 22 21 7 37 3 18 6 24 8 Robot Miss Streak 8 | 2 7 3 4 4 3 2 4 4 . 3 1 3 5 2 3 8 . 7 1 3 4 5 2 Penetration Max 2 | . . . . . . . . . . . . 2 1 . . . . 1 . . . . . Secondary Targets 57 | . 3 3 6 6 8 1 . 5 . 2 . 2 . 6 . 6 . 9 . . . . . Max Gunslinging Chain 1 | . 1 1 1 1 1 1 . 1 . 1 . 1 . 1 . 1 . 1 . . . . . Capacitor 27 | . . . . . . . . . . . . . . . . . . 27 . . . . . Shots Hit Robots 2036 | 19 97 146 34 253 186 46 7 142 . 103 19 104 31 135 28 174 6 224 2 117 37 105 21 Core Hits 717 | 10 33 64 14 96 68 15 3 64 . 34 6 42 21 58 10 47 . 72 . 21 10 27 2 Critical Kills 52 | . 1 1 . 1 1 . . 2 . 1 2 10 12 3 3 6 . 5 . 1 1 2 . Critical Parts Destroyed 64 | . . 2 . 1 3 . . 1 . . 5 31 10 1 2 3 . 5 . . . . . Critical Strikes 137 | . 1 3 . 2 17 . . 3 . 1 7 43 23 7 5 10 . 10 . 1 1 2 1 Burn 16 | . . . . . 13 . . . . . . . . 3 . . . . . . . . . Meltdown 9 | . . . . . . . . . . . . . . . 2 . . 3 . 1 1 2 . Destroy 110 | . 1 3 . 2 4 . . 2 . 1 7 43 23 4 3 10 . 7 . . . . . Smash 1 | . . . . . . . . 1 . . . . . . . . . . . . . . . Impale 1 | . . . . . . . . . . . . . . . . . . . . . . . 1 Melee Attacks 88 | . . . . . 21 1 . 22 . 22 . 11 1 4 . . 3 . . . . . 3 Impact 77 | . . . . . 21 1 . 22 . 22 . 11 . . . . . . . . . . . Slashing . | . . . . . . . . . . . . . . . . . . . . . . . . Piercing 11 | . . . . . . . . . . . . . 1 4 . . 3 . . . . . 3 Sneak Attacks 2 | . . . . . 2 . . . . . . . . . . . . . . . . . . Combat Hostiles . | . . . . . . . . . . . . . . . . . . . . . . . . Follow-up Attacks . | . . . . . . . . . . . . . . . . . . . . . . . . Damage Inflicted 40896 | 152 1136 2305 504 3889 3133 668 83 2212 . 1435 129 871 632 3454 957 4799 7 6665 . 3208 1328 3010 319 Guns 29807 | 152 1136 2290 504 3880 2972 655 63 2098 . 1248 129 775 . 3283 558 4799 . 5045 . 220 . . . Cannons 10366 | . . . . . . . . . . . . 82 632 53 399 . . 1604 . 2988 1308 3010 290 Explosions . | . . . . . . . . . . . . . . . . . . . . . . . . Melee 606 | . . . . . 158 . . 114 . 187 . . . 118 . . . . . . . . 29 Ramming 117 | . . 15 . 9 3 13 20 . . . . 14 . . . . 7 16 . . 20 . . Kinetic 17963 | 152 1136 2290 504 3880 1630 655 63 2098 . 1248 129 857 632 404 . . . 2285 . . . . . Thermal 22210 | . . . . . 1342 . . . . . . . . 2932 957 4799 . 4364 . 3208 1308 3010 290 Explosive . | . . . . . . . . . . . . . . . . . . . . . . . . Electromagnetic . | . . . . . . . . . . . . . . . . . . . . . . . . Impact 459 | . . . . . 158 . . 114 . 187 . . . . . . . . . . . . . Slashing . | . . . . . . . . . . . . . . . . . . . . . . . . Piercing 147 | . . . . . . . . . . . . . . 118 . . . . . . . . 29 Highest Corruption 20 | . . . . . . . . . . . . 2 . 1 1 3 . 3 . 14 14 20 . Average Corruption 6 | . . . . . . . . . . . . 1 . 1 1 2 . 2 . 10 14 17 . Corruption Purged . | . . . . . . . . . . . . . . . . . . . . . . . . Corruption Blocked . | . . . . . . . . . . . . . . . . . . . . . . . . Effects 321 | . . . . . . . . . . . . 28 . 18 1 47 . 23 . 68 23 113 . Message Errors 82 | . . . . . . . . . . . . 11 . 4 1 11 . 3 . 25 7 20 . Matter Fused 77 | . . . . . . . . . . . . 7 . 1 . 11 . 5 . 17 5 31 . Heat Flow Errors 39 | . . . . . . . . . . . . . . 3 . 8 . 6 . 9 1 12 . Energy Discharges 29 | . . . . . . . . . . . . 2 . 3 . 3 . 2 . 4 1 14 . Parts Rejected 2 | . . . . . . . . . . . . . . . . . . . . . . 2 . Parts Fused 5 | . . . . . . . . . . . . . . 1 . . . . . . 1 3 . Data Loss (minor) 39 | . . . . . . . . . . . . 2 . 2 . 5 . 6 . 8 2 14 . Data Loss (major) 15 | . . . . . . . . . . . . 1 . 2 . 3 . . . 1 2 6 . Misfires 14 | . . . . . . . . . . . . 2 . 2 . 3 . 1 . 2 1 3 . Alerts 7 | . . . . . . . . . . . . 3 . . . 1 . . . . . 3 . Misdirections 1 | . . . . . . . . . . . . . . . . . . . . . . 1 . Weapon Failures 11 | . . . . . . . . . . . . . . . . 2 . . . 2 3 4 . Overload Shots . | . . . . . . . . . . . . . . . . . . . . . . . . Overflow Damage 472 | . . . . . 118 . . 114 . 37 . . . . . . . . . 52 78 62 11 Projectiles 203 | . . . . . . . . . . . . . . . . . . . . 52 78 62 11 Explosions . | . . . . . . . . . . . . . . . . . . . . . . . . Melee 269 | . . . . . 118 . . 114 . 37 . . . . . . . . . . . . . Knockbacks 6 | . . . . . . . . . . 2 . 1 2 1 . . . . . . . . . Impact 2 | . . . . . . . . . . 2 . . . . . . . . . . . . . Kinetic 4 | . . . . . . . . . . . . 1 2 1 . . . . . . . . . Secondary . | . . . . . . . . . . . . . . . . . . . . . . . . Self-Inflicted Damage . | . . . . . . . . . . . . . . . . . . . . . . . . Shots . | . . . . . . . . . . . . . . . . . . . . . . . . Rammed 17 | . . 4 . 1 1 2 2 . . . . 1 . . . . 1 5 . . . . . Targets Rammed 22 | . . 4 . 1 1 2 2 . . . . 1 . . . . 1 5 . . 5 . . Kicked 5 | . . . . . . . . . . . . . . . . . . . . . 5 . . Crushed . | . . . . . . . . . . . . . . . . . . . . . . . . Highest Temperature 488 | . 12 236 84 210 488 18 9 49 . 40 30 111 239 464 218 210 . 210 . 172 132 263 . Average Temperature 75 | . 3 33 35 50 157 12 9 20 . 12 11 33 46 94 109 83 . 79 . 40 63 70 . Received Heat Transfer 4752 | . 381 237 36 675 746 72 27 270 . 342 . 216 75 366 64 231 9 462 . 396 45 102 . Effects 28 | . . . . . 19 . . . . . . . . 9 . . . . . . . . . Shutdowns 8 | . . . . . 5 . . . . . . . . 3 . . . . . . . . . Energy Bleed 2 | . . . . . 1 . . . . . . . . 1 . . . . . . . . . Interference 11 | . . . . . 7 . . . . . . . . 4 . . . . . . . . . Matter Decay 1 | . . . . . 1 . . . . . . . . . . . . . . . . . . Short Circuit 2 | . . . . . 1 . . . . . . . . 1 . . . . . . . . . Damage (minor) 2 | . . . . . 2 . . . . . . . . . . . . . . . . . . Damage (major) 2 | . . . . . 2 . . . . . . . . . . . . . . . . . . Siege Activations 7 | . . . . . . . . . . . . 1 . 1 1 2 . 2 . . . . . Total Turns 179 | . . . . . . . . . . . . 30 . 30 14 68 . 37 . . . . . Longest Duration 61 | . . . . . . . . . . . . 30 . 30 14 61 . 32 . . . . . Martial Activations . | . . . . . . . . . . . . . . . . . . . . . . . . Shielding Activations . | . . . . . . . . . . . . . . . . . . . . . . . . Robots Disrupted . | . . . . . . . . . . . . . . . . . . . . . . . . Combat Hostiles . | . . . . . . . . . . . . . . . . . . . . . . . . Robots Corrupted 2 | . . . . . 1 . . 1 . . . . . . . . . . . . . . . Combat Hostiles . | . . . . . . . . . . . . . . . . . . . . . . . . Parts Fried 2 | . . . . . 1 . . 1 . . . . . . . . . . . . . . . Impact Corruptions 6 | . . . . . 3 . . 1 . 2 . . . . . . . . . . . . . Robots Melted 12 | . . . . . . . . . . . . . . . 2 . . 4 . 3 1 2 . Combat Hostiles 12 | . . . . . . . . . . . . . . . 2 . . 4 . 3 1 2 . Parts Melted 59 | . . . . . 14 . . 1 . . . . . 10 5 8 . 10 . 8 1 2 . Heat Transferred 24983 | . . . . . 3540 . . . . . . . . 4514 1073 5081 . 4699 . 2267 1147 2479 183 Parts Sabotaged . | . . . . . . . . . . . . . . . . . . . . . . . . Parts Stolen . | . . . . . . . . . . . . . . . . . . . . . . . . Parts Stripped . | . . . . . . . . . . . . . . . . . . . . . . . . Power Chain Reactions . | . . . . . . . . . . . . . . . . . . . . . . . . Alert | -11 -10 -9 -9 -8 -8 -8 -7 -7 -7 -7 -6 -6 -5 -5 -4 -4 -3 -3 -2 -2 -2 -2 -1 ------- Run | Yrd Mat Mat Min Mat Gar Mat Fac Gar Fac Gar Fac Gar Fac Gar Fac Gar Res Gar Res Gar Res Gar Acc Maximum Alert Level 5 | . . 2 . 2 5 4 2 4 3 5 3 4 3 5 3 4 2 4 2 3 2 4 3 Low Security (%) 12 | 100 100 36 100 20 . . . . . . . . . . . . . 7 . . . . . Level 1 14 | . . 43 . 77 4 . . 21 . . . . . . . . 56 27 . 1 . 2 11 Level 2 22 | . . 20 . 2 7 . 100 36 . 9 . 34 58 5 . 33 43 38 100 50 100 16 48 Level 3 27 | . . . . . 20 . . 19 100 12 100 49 41 38 100 62 . 24 . 47 . 54 40 Level 4 17 | . . . . . 35 100 . 23 . 56 . 15 . 37 . 3 . 1 . . . 26 . Level 5 5 | . . . . . 31 . . . . 21 . . . 18 . . . . . . . . . High Security . | . . . . . . . . . . . . . . . . . . . . . . . . Max Security . | . . . . . . . . . . . . . . . . . . . . . . . . Peak Influence 2420 | 15 89 493 121 403 2420 1291 536 1560 819 1768 928 1223 982 1845 968 1127 633 1156 650 976 570 1398 838 Initial 1179 | . . 7 121 . 229 1179 534 317 819 559 928 513 641 658 968 512 633 178 650 442 549 353 838 Average 741 | 1 35 227 52 261 1378 1225 505 768 809 1249 829 861 732 1168 828 796 401 524 620 676 529 900 602 Influence Increases 17406 | 25 498 996 284 1115 2251 378 80 1383 . 1499 19 1010 736 1317 118 995 161 1508 . 1114 420 1455 44 Destroy 0b10 Robot/C 7026 | . 280 640 240 760 720 200 40 270 . 495 . 453 324 432 72 360 84 564 . 420 180 468 24 Destroy 0b10 Robot/NC 344 | 25 20 85 . 60 10 40 10 24 . 8 8 . 18 3 3 9 . 3 . . 18 . . Destroy Leader 1014 | . 78 180 40 226 20 50 10 16 . 48 4 32 62 30 20 36 18 30 . 30 42 36 6 Allied During Kill 1772 | . . . . . 22 57 8 108 . 327 6 189 183 53 2 63 51 86 . 229 86 292 10 Successful Hack 126 | . . 10 4 18 14 . 12 11 . 11 . 11 . 18 . 9 . . . 8 . . . Disable Machine 219 | . . 45 . . . 15 . 12 . 12 . . 45 . 9 9 . . . 27 27 18 . Anti-Garrison Action 5575 | . . . . . 1450 . . 865 . 566 . 264 . 630 . 360 . 690 . 270 . 480 . Destroy Structure 775 | . . 6 . 6 15 1 . 53 . 32 1 37 104 61 12 113 8 63 . 94 58 107 4 Partial Spotted 9 | . . . . . . . . . . . . . . . . . . . . 9 . . . Lose Combat Pursuer 546 | . 120 30 . 45 . 15 . 24 . . . 24 . 90 . 36 . 72 . 27 9 54 . Influence Decreases 17179 | 25 481 702 595 762 184 1623 801 277 761 530 1054 520 1018 413 1231 600 1050 590 566 728 925 528 1215 Entered New Map 8659 | . . 10 190 . 124 1241 641 137 741 240 840 220 582 283 877 220 494 60 506 148 427 118 560 Time Decay 4175 | 25 451 532 405 652 . 342 120 . 20 . 214 . 356 . 294 . 326 . 60 . 198 . 180 Lost Part 1190 | . 30 10 . 110 40 . . 10 . 30 . 80 . 90 . 60 . 310 . 210 60 70 80 Lost Ally 2580 | . . . . . 20 40 40 130 . 260 . 220 80 40 60 320 80 220 . 370 240 340 120 Purge Threat 575 | . . 150 . . . . . . . . . . . . . . 150 . . . . . 275 Squads Dispatched 36 | . 6 3 . 8 . 1 1 . . . . . 6 . 2 . 2 . . . 7 . . Investigation 7 | . 3 2 . 1 . . . . . . . . . . . . . . . . 1 . . Extermination 3 | . . . . . . . . . . . . . 1 . 1 . 1 . . . . . . Reinforcement 21 | . 3 1 . 7 . 1 1 . . . . . 2 . 1 . 1 . . . 4 . . Assault 4 | . . . . . . . . . . . . . 3 . . . . . . . 1 . . Garrison 1 | . . . . . . . . . . . . . . . . . . . . . 1 . . Intercept . | . . . . . . . . . . . . . . . . . . . . . . . . Searches Triggered . | . . . . . . . . . . . . . . . . . . . . . . . . Construction Impeded 4 | . . . . 1 . . . . . . . . 1 . 1 . . . . . 1 . . Haulers Reinforced 1 | . . . . . . . . . . . . . 1 . . . . . . . . . . Active Scanning Responses . | . . . . . . . . . . . . . . . . . . . . . . . . Cargo Convoy Interrupts . | . . . . . . . . . . . . . . . . . . . . . . . . Stealth | -11 -10 -9 -9 -8 -8 -8 -7 -7 -7 -7 -6 -6 -5 -5 -4 -4 -3 -3 -2 -2 -2 -2 -1 --------- Run | Yrd Mat Mat Min Mat Gar Mat Fac Gar Fac Gar Fac Gar Fac Gar Fac Gar Res Gar Res Gar Res Gar Acc Distress Signals 17 | . 2 1 . 3 1 5 . . . . . . 1 . . . 1 . . . 3 . . Communications Jammed . | . . . . . . . . . . . . . . . . . . . . . . . . Distress Signals . | . . . . . . . . . . . . . . . . . . . . . . . . Times Spotted 657 | . 23 38 14 51 36 23 5 25 . 45 1 37 25 41 7 46 8 64 1 51 31 67 18 Peak Tracking Total 14 | . 4 5 4 7 5 5 3 4 . 4 1 7 8 6 3 6 3 14 1 7 9 8 6 Tactical Retreats 30 | . 4 2 . 2 . 1 . 2 . . . 2 . 5 . 3 . 5 . 1 1 2 . Traps | -11 -10 -9 -9 -8 -8 -8 -7 -7 -7 -7 -6 -6 -5 -5 -4 -4 -3 -3 -2 -2 -2 -2 -1 ------- Run | Yrd Mat Mat Min Mat Gar Mat Fac Gar Fac Gar Fac Gar Fac Gar Fac Gar Res Gar Res Gar Res Gar Acc Traps Triggered 58 | . 3 2 . 2 5 . . 8 . . . 5 . 2 1 8 . 2 . 15 . 5 . Indirectly . | . . . . . . . . . . . . . . . . . . . . . . . . Trap Hack Attempts . | . . . . . . . . . . . . . . . . . . . . . . . . Triggered . | . . . . . . . . . . . . . . . . . . . . . . . . Disarmed . | . . . . . . . . . . . . . . . . . . . . . . . . Reprogrammed . | . . . . . . . . . . . . . . . . . . . . . . . . Reused . | . . . . . . . . . . . . . . . . . . . . . . . . Traps Extracted . | . . . . . . . . . . . . . . . . . . . . . . . . Installed . | . . . . . . . . . . . . . . . . . . . . . . . . Triggered . | . . . . . . . . . . . . . . . . . . . . . . . . Machines | -11 -10 -9 -9 -8 -8 -8 -7 -7 -7 -7 -6 -6 -5 -5 -4 -4 -3 -3 -2 -2 -2 -2 -1 ---------- Run | Yrd Mat Mat Min Mat Gar Mat Fac Gar Fac Gar Fac Gar Fac Gar Fac Gar Res Gar Res Gar Res Gar Acc Machines Disabled 68 | . . 3 . . 9 1 . 5 . 7 . 6 5 3 1 5 . 4 . 8 3 8 . Max in Single Turn 2 | . . 1 . . 2 1 . 1 . 1 . 1 2 1 1 1 . 1 . 1 1 1 . Garrison Access 1 | . . . . . . 1 . . . . . . . . . . . . . . . . . Garrison Relay 41 | . . . . . 8 . . 4 . 5 . 4 . 3 . 4 . 3 . 5 . 5 . Phase Generator 5 | . . . . . 1 . . . . 1 . 1 . . . . . 1 . . . 1 . Machines Repaired . | . . . . . . . . . . . . . . . . . . . . . . . . Machines Dismantled 9 | . . . . . 1 . . 1 . 2 . 1 . . . . . 1 . 1 . 2 . Machines Sabotaged . | . . . . . . . . . . . . . . . . . . . . . . . . Overloaded Fab Kills . | . . . . . . . . . . . . . . . . . . . . . . . . Hacking | -11 -10 -9 -9 -8 -8 -8 -7 -7 -7 -7 -6 -6 -5 -5 -4 -4 -3 -3 -2 -2 -2 -2 -1 --------- Run | Yrd Mat Mat Min Mat Gar Mat Fac Gar Fac Gar Fac Gar Fac Gar Fac Gar Res Gar Res Gar Res Gar Acc Machines Accessed 52 | . 1 9 1 9 3 1 2 2 1 3 1 2 2 3 2 1 1 1 3 2 1 1 . Terminals 35 | . 1 8 1 6 3 . . 2 . 3 . 2 . 3 . 1 . 1 1 2 . 1 . Fabricators . | . . . . . . . . . . . . . . . . . . . . . . . . Repair Stations . | . . . . . . . . . . . . . . . . . . . . . . . . Recycling Units . | . . . . . . . . . . . . . . . . . . . . . . . . Scanalyzers 7 | . . 1 . 2 . . 1 . . . . . 1 . 1 . . . 1 . . . . Garrison Access 10 | . . . . 1 . 1 1 . 1 . 1 . 1 . 1 . 1 . 1 . 1 . . Total Hacks 97 | . 2 26 2 21 7 1 2 3 1 7 1 3 2 4 2 1 1 2 4 3 1 1 . Successful 51 | . 1 14 2 14 1 1 2 1 1 1 1 1 2 3 1 1 1 . 1 1 1 . . Failed 44 | . 1 11 . 6 6 . . 2 . 6 . 2 . 1 1 . . 2 3 2 . 1 . Catastrophic 6 | . . . . . 1 . . 1 . . . 2 . . . . . 1 . 1 . . . Database Lockouts 2 | . . 1 . 1 . . . . . . . . . . . . . . . . . . . Manual 33 | . 2 18 2 11 . . . . . . . . . . . . . . . . . . . Terminals 74 | . 2 24 2 14 7 . . 3 . 7 . 3 . 4 . 1 . 2 1 3 . 1 . Fabricators . | . . . . . . . . . . . . . . . . . . . . . . . . Repair Stations . | . . . . . . . . . . . . . . . . . . . . . . . . Recycling Units . | . . . . . . . . . . . . . . . . . . . . . . . . Scanalyzers 12 | . . 2 . 5 . . 1 . . . . . 1 . 1 . . . 2 . . . . Garrison Access 11 | . . . . 2 . 1 1 . 1 . 1 . 1 . 1 . 1 . 1 . 1 . . Terminal Hacks 14 | . . 3 . 2 1 . . 1 . 1 . 1 . 3 . 1 . . . 1 . . . Prototype ID Bank 3 | . . 1 . 2 . . . . . . . . . . . . . . . . . . . Emergency Access Points 3 | . . . . . . . . . . . . 1 . 1 . 1 . . . . . . . Unreport Threat 1 | . . 1 . . . . . . . . . . . . . . . . . . . . . Hauler Manifests 1 | . . 1 . . . . . . . . . . . . . . . . . . . . . Garrison Registry 2 | . . . . . . . . . . 1 . . . 1 . . . . . . . . . Patrol Navigation 4 | . . . . . 1 . . 1 . . . . . 1 . . . . . 1 . . . Fabricator Hacks . | . . . . . . . . . . . . . . . . . . . . . . . . Repair Station Hacks . | . . . . . . . . . . . . . . . . . . . . . . . . Recycling Unit Hacks . | . . . . . . . . . . . . . . . . . . . . . . . . Scanalyzer 6 | . . 1 . 3 . . 1 . . . . . 1 . . . . . . . . . . Retrieve Study 6 | . . 1 . 3 . . 1 . . . . . 1 . . . . . . . . . . Garrison Access Hacks 10 | . . . . 1 . 1 1 . 1 . 1 . 1 . 1 . 1 . 1 . 1 . . Unlock Access 9 | . . . . 1 . . 1 . 1 . 1 . 1 . 1 . 1 . 1 . 1 . . Seal Access 1 | . . . . . . 1 . . . . . . . . . . . . . . . . . Unauthorized Hacks 21 | . 1 10 2 8 . . . . . . . . . . . . . . . . . . . Terminals 21 | . 1 10 2 8 . . . . . . . . . . . . . . . . . . . Botnet 8 | . . 4 1 3 . . . . . . . . . . . . . . . . . . . Skim 13 | . 1 6 1 5 . . . . . . . . . . . . . . . . . . . Fabricators . | . . . . . . . . . . . . . . . . . . . . . . . . Repair Stations . | . . . . . . . . . . . . . . . . . . . . . . . . Recycling Units . | . . . . . . . . . . . . . . . . . . . . . . . . Scanalyzers . | . . . . . . . . . . . . . . . . . . . . . . . . Garrison Access . | . . . . . . . . . . . . . . . . . . . . . . . . Data Cores Recovered 2 | . . 1 . . . 1 . . . . . . . . . . . . . . . . . Used 1 | . . 1 . . . . . . . . . . . . . . . . . . . . . Hacking Detections 34 | . 1 4 1 6 3 . 1 2 . 3 1 1 1 3 2 . . 1 1 2 . 1 . Full Trace Events 9 | . . 2 . 1 2 . . 1 . 1 . 1 . . . . . 1 . . . . . Feedback Events . | . . . . . . . . . . . . . . . . . . . . . . . . Feedback Blocked . | . . . . . . . . . . . . . . . . . . . . . . . . Robot Schematics Acquired . | . . . . . . . . . . . . . . . . . . . . . . . . Robots Built . | . . . . . . . . . . . . . . . . . . . . . . . . Authchips . | . . . . . . . . . . . . . . . . . . . . . . . . Time . | . . . . . . . . . . . . . . . . . . . . . . . . Total Robot Build Rating . | . . . . . . . . . . . . . . . . . . . . . . . . Part Schematics Acquired . | . . . . . . . . . . . . . . . . . . . . . . . . Parts Built . | . . . . . . . . . . . . . . . . . . . . . . . . Authchips . | . . . . . . . . . . . . . . . . . . . . . . . . Time . | . . . . . . . . . . . . . . . . . . . . . . . . Total Part Build Rating . | . . . . . . . . . . . . . . . . . . . . . . . . Part Studies Acquired 6 | . . 1 . 3 . . 1 . . . . . 1 . . . . . . . . . . Parts Repaired . | . . . . . . . . . . . . . . . . . . . . . . . . Time . | . . . . . . . . . . . . . . . . . . . . . . . . Parts Recycled . | . . . . . . . . . . . . . . . . . . . . . . . . Recycled Matter . | . . . . . . . . . . . . . . . . . . . . . . . . Retrieved Matter . | . . . . . . . . . . . . . . . . . . . . . . . . Retrieved Components . | . . . . . . . . . . . . . . . . . . . . . . . . Parts Scanalyzed . | . . . . . . . . . . . . . . . . . . . . . . . . Part Schematics Acquired . | . . . . . . . . . . . . . . . . . . . . . . . . Parts Damaged . | . . . . . . . . . . . . . . . . . . . . . . . . Bothacking | -11 -10 -9 -9 -8 -8 -8 -7 -7 -7 -7 -6 -6 -5 -5 -4 -4 -3 -3 -2 -2 -2 -2 -1 ------------ Run | Yrd Mat Mat Min Mat Gar Mat Fac Gar Fac Gar Fac Gar Fac Gar Fac Gar Res Gar Res Gar Res Gar Acc Used RIF Installer 9 | . . . . . 1 . . 1 . 1 . 1 . 1 . 1 . 1 . 1 . 1 . Coupler Efficiency 1 | . . . . . . . . . . . . . . . . . . . . 1 . . . Hotswap 1 | . . . . . . . . . . . . . . . . . . 1 . . . . . Threat Obfuscator 2 | . . . . . . . . 1 . . . 1 . . . . . . . . . . . Watcher Feeds 1 | . . . . . . . . . . . . . . 1 . . . . . . . . . Patrol Navigation 1 | . . . . . . . . . . . . . . . . 1 . . . . . . . Program Shield 1 | . . . . . . . . . . 1 . . . . . . . . . . . . . Crosswire 1 | . . . . . . . . . . . . . . . . . . . . . . 1 . Robots Hacked 120 | . . . . . . 3 3 3 . 15 . 10 . . . 11 2 11 1 21 6 27 7 Non-combat 4 | . . . . . . . 1 . . . . . . . . . 1 . 1 . . . 1 Combat 116 | . . . . . . 3 2 3 . 15 . 10 . . . 11 1 11 . 21 6 27 6 Robot Hacks Applied 132 | . . . . . . 4 3 3 . 16 . 10 . . . 13 4 13 1 21 7 27 10 parse_system 5 | . . . . . . . . . . 1 . 2 . . . 1 . . . . . 1 . purge_threat 3 | . . . . . . . . . . . . . . . . . 1 . . . . . 2 find_garrison 4 | . . . . . . 1 1 . . . . . . . . . 1 . . . 1 . . overload_power 1 | . . . . . . . . . . 1 . . . . . . . . . . . . . amplify_resonance 14 | . . . . . . . . . . 3 . . . . . 1 . 1 . . . 7 2 wipe_record 1 | . . . . . . . . . . . . . . . . . . 1 . . . . . reboot_system 1 | . . . . . . . . . . . . . . . . . . . . . . 1 . go_dormant 1 | . . . . . . . . . . . . . . . . . . 1 . . . . . overwrite_iff 31 | . . . . . . 1 . 2 . 3 . 3 . . . 3 . 5 . 4 1 7 2 streamctrl_high 2 | . . . . . . . 1 . . . . . . . . . . . . 1 . . . formatsys_low 2 | . . . . . . . 1 . . . . . . . . . 1 . . . . . . formatsys_high 63 | . . . . . . 2 . 1 . 8 . 5 . . . 7 1 4 1 16 4 10 4 formatsys_deep 4 | . . . . . . . . . . . . . . . . 1 . 1 . . 1 1 . Relay Couplers Released 170 | . . . . . 35 . . 19 . 19 . 15 . 15 . 16 . 11 . 19 . 21 . Machine Destruction 166 | . . . . . 35 . . 19 . 19 . 15 . 11 . 16 . 11 . 19 . 21 . Programmers 4 | . . . . . . . . . . . . . . 4 . . . . . . . . . Attached 63 | . . . . . . 3 1 5 . 7 . 7 1 1 . 7 . 7 . 9 3 11 1 Crosswired 14 | . . . . . . . . . . . . . . . . . . . . . . 14 . Fabnet Peak Effective % . | . . . . . . . . . . . . . . . . . . . . . . . . Robots Rewired 48 | . . . . . 4 . . 8 . 3 . 2 . 6 . 9 . 6 . 6 . 4 . Allies Hacked 4 | . . . . . . . . . . 1 . . . . . . . 1 . 2 . . . Hacks Repelled . | . . . . . . . . . . . . . . . . . . . . . . . . Allies | -11 -10 -9 -9 -8 -8 -8 -7 -7 -7 -7 -6 -6 -5 -5 -4 -4 -3 -3 -2 -2 -2 -2 -1 -------- Run | Yrd Mat Mat Min Mat Gar Mat Fac Gar Fac Gar Fac Gar Fac Gar Fac Gar Res Gar Res Gar Res Gar Acc Total Allies 172 | . . . . . 4 3 2 13 . 16 . 12 . 6 . 26 2 16 1 28 9 29 5 Largest Group 11 | . . . . . 4 4 4 8 8 9 9 9 6 5 3 6 6 7 1 11 8 8 4 Highest-Rated Group 655 | . . . . . 79 84 93 318 318 338 204 455 445 234 181 343 343 261 26 655 586 418 232 Highest-Rated Ally 183 | . . . . . 31 31 31 95 95 95 32 119 119 99 89 80 80 82 26 69 183 80 69 Total Orders 7 | . . . . . . . . 4 . 2 . . . . . . . . . 1 . . . STAY 4 | . . . . . . . . 2 . 1 . . . . . . . . . 1 . . . FOLLOW 2 | . . . . . . . . 1 . 1 . . . . . . . . . . . . . AID 1 | . . . . . . . . 1 . . . . . . . . . . . . . . . Ally Attacks 1084 | . . . . . 27 76 14 36 . 89 . 99 63 38 23 85 39 90 . 127 89 173 16 Total Damage 31941 | . . . . . 308 1128 185 857 . 2770 . 2883 3018 979 644 2583 1551 2330 . 4403 2545 5189 568 Kills 183 | . . . . . 3 13 3 6 . 21 . 19 20 5 1 9 8 13 . 20 16 25 1 Allies Corrupted 7 | . . . . . . . . . . 1 . 1 . . . . 1 2 . 2 . . . Allies Melted 2 | . . . . . . . . . . . . . . . . 1 . . . . . 1 . Intel | -11 -10 -9 -9 -8 -8 -8 -7 -7 -7 -7 -6 -6 -5 -5 -4 -4 -3 -3 -2 -2 -2 -2 -1 ------- Run | Yrd Mat Mat Min Mat Gar Mat Fac Gar Fac Gar Fac Gar Fac Gar Fac Gar Res Gar Res Gar Res Gar Acc Active Infowar (turns) 795 | 9 785 . . . . . . 1 . . . . . . . . . . . . . . . Seismic 794 | 9 785 . . . . . . . . . . . . . . . . . . . . . . Spoofing 1 | . . . . . . . . 1 . . . . . . . . . . . . . . . Robot Analysis Total . | . . . . . . . . . . . . . . . . . . . . . . . . Derelict Logs Recovered 2 | . . . 2 . . . . . . . . . . . . . . . . . . . . Drone Launches . | . . . . . . . . . . . . . . . . . . . . . . . . Drone Recoveries . | . . . . . . . . . . . . . . . . . . . . . . . . Exploration | -11 -10 -9 -9 -8 -8 -8 -7 -7 -7 -7 -6 -6 -5 -5 -4 -4 -3 -3 -2 -2 -2 -2 -1 ------------- Run | Yrd Mat Mat Min Mat Gar Mat Fac Gar Fac Gar Fac Gar Fac Gar Fac Gar Res Gar Res Gar Res Gar Acc Turns Passed 34840 | 147 1499 2497 1122 2500 3066 772 250 2341 56 2279 454 1732 811 3114 649 2335 728 3056 136 2085 403 2448 360 Spaces Moved 14602 | 69 712 1057 634 1095 1071 376 98 893 27 1099 239 701 440 1168 253 812 288 1123 78 872 145 1147 205 Core 14 | 14 . . . . . . . . . . . . . . . . . . . . . . . Treads 11906 | 55 712 1057 634 1095 1071 376 98 893 27 1099 239 701 440 1168 253 812 288 718 78 92 . . . Legs 2224 | . . . . . . . . . . . . . . . . . . . . 727 145 1147 205 Wheels 458 | . . . . . . . . . . . . . . . . . . 405 . 53 . . . Hover . | . . . . . . . . . . . . . . . . . . . . . . . . Flight . | . . . . . . . . . . . . . . . . . . . . . . . . Fastest Speed 50 | 50 160 160 160 160 163 155 170 165 165 165 160 160 160 145 225 145 160 160 160 116 185 112 114 Average Speed 190 | 137 168 183 160 183 236 167 204 205 165 165 160 176 160 218 225 221 231 201 160 182 186 172 151 Slowest Speed 400 | 160 240 240 160 243 243 221 210 210 165 165 160 240 160 243 225 240 255 400 160 220 187 187 182 Overloaded Moves . | . . . . . . . . . . . . . . . . . . . . . . . . Propulsion Burnouts . | . . . . . . . . . . . . . . . . . . . . . . . . Robots Hopped . | . . . . . . . . . . . . . . . . . . . . . . . . Potential Cave-ins 4 | . . . . . . . . . . . . . . . . . . 4 . . . . . Cave-ins Triggered . | . . . . . . . . . . . . . . . . . . . . . . . . Exploration Rate (%) 54 | 5 93 86 98 89 94 45 4 82 1 87 7 97 16 84 13 95 14 82 4 90 16 95 9 Regions Visited 23 Branch Regions 1 Pre-discovered Areas 2 | . . . . 2 . . . . . . . . . . . . . . . . . . . Known Exits Taken 12 | . . 1 1 1 . 1 1 . 1 . 1 . 1 . 1 . 1 . 1 . 1 . . Unknown Exits Taken 2 | 1 1 . . . . . . . . . . . . . . . . . . . . . . Scrap Searched 2 | . . . 2 . . . . . . . . . . . . . . . . . . . . Spaces Dug 50 | . . . . . 5 1 . 4 . 4 . 1 1 3 1 1 2 7 . 13 5 2 . Terrain Destroyed 162 | . . . . . 5 1 . 4 . 4 . 3 12 6 5 11 2 34 . 37 11 26 1 Melee 18 | . . . . . 5 1 . 4 . 4 . 1 1 . . . 2 . . . . . . Projectile 130 | . . . . . . . . . . . . . . 6 5 11 . 33 . 37 11 26 1 AOE 11 | . . . . . . . . . . . . . 11 . . . . . . . . . . Terrain Rammed . | . . . . . . . . . . . . . . . . . . . . . . . . Walls Destroyed . | . . . . . . . . . . . . . . . . . . . . . . . . Machines Disabled . | . . . . . . . . . . . . . . . . . . . . . . . . Actions | -11 -10 -9 -9 -8 -8 -8 -7 -7 -7 -7 -6 -6 -5 -5 -4 -4 -3 -3 -2 -2 -2 -2 -1 --------- Run | Yrd Mat Mat Min Mat Gar Mat Fac Gar Fac Gar Fac Gar Fac Gar Fac Gar Res Gar Res Gar Res Gar Acc Total 19013 | 100 853 1442 704 1337 1377 472 137 1192 38 1380 293 1021 495 1540 294 1129 342 1620 89 1229 217 1472 240 Wait 1090 | . 16 199 40 39 50 35 21 55 11 82 38 120 . 105 10 58 8 85 8 55 4 51 . Move 14584 | 68 711 1056 633 1095 1069 375 98 892 27 1098 239 699 440 1166 253 811 288 1122 77 871 145 1146 205 Hop . | . . . . . . . . . . . . . . . . . . . . . . . . Pick Up 335 | 12 24 19 3 25 19 6 3 12 . 10 3 18 11 29 4 10 2 48 . 32 4 40 1 Fast Attach 109 | 1 . 8 . 7 . 1 . 5 . 8 . 7 3 7 . 6 13 22 . 6 3 11 1 Attach 161 | 6 3 6 . 14 11 1 2 . . 5 2 5 1 17 3 6 1 30 . 25 4 16 3 Detach 7 | . . . . 1 . . . 1 . 1 . . . 1 . . . 3 . . . . . Swap 270 | . 5 23 6 12 11 7 . 25 . 16 2 22 5 12 2 16 5 31 1 33 7 29 . Drop 300 | . 8 39 5 20 15 9 1 19 . 11 1 10 11 32 3 10 14 27 . 22 7 35 1 Fire 1534 | 13 86 88 17 123 94 35 10 87 . 85 8 77 23 117 19 161 7 174 3 127 38 116 26 Melee 88 | . . . . . 21 1 . 22 . 22 . 11 1 4 . . 3 . . . . . 3 Ram . | . . . . . . . . . . . . . . . . . . . . . . . . Kick 5 | . . . . . . . . . . . . . . . . . . . . . 5 . . Crush 17 | . . 4 . 1 1 2 2 . . . . 1 . . . . 1 5 . . . . . Escape Stasis 94 | . . . . . 10 . . 12 . . . . . . . 10 . 2 . 50 . 10 . Rewire 335 | . . . . . 67 . . 49 . 24 . 42 . 50 . 41 . 61 . . . 1 . Trap . | . . . . . . . . . . . . . . . . . . . . . . . . Miscellaneous 84 | . . . . . 9 . . 13 . 18 . 9 . . . . . 10 . 8 . 17 . Route ------- -11/Scrapyard -10/Materials (discovered 4 exits: *Mat x3 / [*Min]) -9/Materials (discovered 4 exits: *Mat x3 / *Min) -9/Mines (discovered 2 exits: *Mat x2) -8/Materials (discovered 4 exits: *Fac x3 / Gar) -8/Garrison (discovered 4 exits: *Mat x4) -8/Materials (discovered 2 exits: *Fac x2) -7/Factory -7/Garrison (discovered 3 exits: *Fac x3) -7/Factory -7/Garrison (discovered 3 exits: *Fac x3) -6/Factory (discovered 2 exits: Ext / Gar) -6/Garrison (discovered 3 exits: *Fac x3) -5/Factory -5/Garrison (discovered 3 exits: *Fac x3) -4/Factory (discovered 2 exits: [*Upp] / Gar) -4/Garrison (discovered 3 exits: *Res x3) -3/Research -3/Garrison (discovered 3 exits: *Res x3) -2/Research -2/Garrison (discovered 3 exits: *Res x3) -2/Research (discovered 2 exits: [*Acc] / Gar) -2/Garrison (discovered 4 exits: [*Acc x3] / [*Res]) -1/Access History --------- Turn | Location | Event 22 | -11/Scrapyard | Discovered new exit (range 16) 148 | -11/Scrapyard | Entered Materials 312 | -10/Materials | Build established: Mutant 418 | -10/Materials | Discovered new exit (range 10) 644 | -10/Materials | Discovered new exit (range 16) 948 | -10/Materials | Discovered new exit (range 14) 954 | -10/Materials | Core integrity fell below 50% 1509 | -10/Materials | Discovered new exit (range 15) 1647 | -10/Materials | Entered another Materials area 1647 | -9/Materials | Evolved 2 slots: Propulsion x1, Weapon x1 2036 | -9/Materials | Build established: Tank 2250 | -9/Materials | Discovered new exit (range 3) 2274 | -9/Materials | Central database locked down 3038 | -9/Materials | Build established: Scavenger-Tank 3053 | -9/Materials | Discovered new exit (range 5) 3897 | -9/Materials | Identified exit to Materials 3945 | -9/Materials | Identified exit to Mines 3984 | -9/Materials | Learned Storage trap positions 4014 | -9/Materials | Loaded intel: 16 trap records 4036 | -9/Materials | Learned location of 1 exit from Recycling 4046 | -9/Materials | Learned 4 Recycling zone layouts 4047 | -9/Materials | Loaded intel: 11 terminal locations 4072 | -9/Materials | Learned 4 Recycling zone layouts 4119 | -9/Materials | Build established: Tank 4144 | -9/Materials | Entered Mines 4152 | -9/Mines | Learned Materials terminal intel 4162 | -9/Mines | A weapon hastily lodged in a ceiling crevice suddenly fell to the ground 4238 | -9/Mines | Assembled infested the area 4357 | -9/Mines | Found a damaged Exp. Sensor Array with a note attached 4363 | -9/Mines | Found Prototype Device 4663 | -9/Mines | Discovered exit to Materials (range 10) 4723 | -9/Mines | Build established: Scavenger-Tank 5072 | -9/Mines | Received a Rocket Launcher from a helpful Derelict 5095 | -9/Mines | Learned 2 Materials zone layouts 5095 | -9/Mines | Joined a pair of Derelicts in attacking an 0b10 outpost 5196 | -9/Mines | Discovered exit to Materials (range 5) 5266 | -9/Mines | Entered Materials 5266 | -8/Materials | Evolved 2 slots: Utility x2 5268 | -8/Materials | Loaded intel: 12 terminal locations 5815 | -8/Materials | Destroyed 9 combat bots 6122 | -8/Materials | Build established: Gunner 6308 | -8/Materials | Discovered new exit (range 8) 6628 | -8/Materials | Discovered new exit (range 3) 6824 | -8/Materials | Central database locked down 7179 | -8/Materials | Discovered new exit (range 15) 7309 | -8/Materials | Learned location of Lower Caves (-7) 7367 | -8/Materials | Learned Recycling recycling unit intel 7582 | -8/Materials | Learned 4 Factory zone layouts 7599 | -8/Materials | Build established: Scavenger-Gunner 7634 | -8/Materials | Learned location of Recycling (-7) 7766 | -8/Materials | Identified exit to Garrison 7766 | -8/Materials | Entered Garrison 7788 | -8/Garrison | Triggered checkpoint 7916 | -8/Garrison | Garrison Relay disabled 7916 | -8/Garrison | Garrison Relay disabled 7919 | -8/Garrison | Garrison Relay disabled 7922 | -8/Garrison | Garrison Relay disabled 7966 | -8/Garrison | Garrison Relay disabled 8082 | -8/Garrison | Triggered checkpoint 8186 | -8/Garrison | Triggered checkpoint 8200 | -8/Garrison | Core integrity fell below 50% 8330 | -8/Garrison | Triggered checkpoint 8373 | -8/Garrison | Discovered new exit (range 15) 8500 | -8/Garrison | Garrison Relay disabled 8656 | -8/Garrison | Triggered checkpoint 8722 | -8/Garrison | Triggered checkpoint 8770 | -8/Garrison | Garrison Relay disabled 8833 | -8/Garrison | Discovered new exit (range 14) 8876 | -8/Garrison | Installed Relay Interface Framework 9188 | -8/Garrison | Discovered new exit (range 10) 9250 | -8/Garrison | Triggered checkpoint 9342 | -8/Garrison | Triggered checkpoint 9371 | -8/Garrison | Discovered new exit (range 5) 9631 | -8/Garrison | Garrison Relay disabled 9774 | -8/Garrison | Build established: Scavenger-Mutant 10032 | -8/Garrison | Phase Generator disabled 10670 | -8/Garrison | Build established: Bothacker-Gunner 10832 | -8/Garrison | Entered Materials 10832 | -8/Materials | Accompanied by 3 allies 10833 | -8/Materials | Identified exit to Factory 11004 | -8/Materials | Core integrity fell below 20% 11604 | -8/Materials | Entered Factory 11604 | -7/Factory | Accompanied by 3 allies 11604 | -7/Factory | Evolved 2 slots: Utility x2 11729 | -7/Factory | Lost 3 allies 11845 | -7/Factory | Identified exit to Garrison 11854 | -7/Factory | Entered Garrison 11854 | -7/Garrison | Accompanied by 2 allies 11886 | -7/Garrison | Expanded RIF knowledge: Threat Obfuscation 11966 | -7/Garrison | Triggered checkpoint 12011 | -7/Garrison | Lost 4 allies 12120 | -7/Garrison | Garrison Relay disabled 12304 | -7/Garrison | Build established: Gunner 12310 | -7/Garrison | Warlord forces raided the area 12436 | -7/Garrison | Triggered checkpoint 12474 | -7/Garrison | Triggered checkpoint 12480 | -7/Garrison | Triggered checkpoint 12552 | -7/Garrison | Lost 4 allies 12566 | -7/Garrison | Discovered new exit (range 12) 12582 | -7/Garrison | Triggered checkpoint 12671 | -7/Garrison | Garrison Relay disabled 12692 | -7/Garrison | Triggered checkpoint 12754 | -7/Garrison | Found embedded Infiltrators 12897 | -7/Garrison | Discovered new exit (range 3) 12928 | -7/Garrison | Triggered checkpoint 12948 | -7/Garrison | Garrison Relay disabled 12995 | -7/Garrison | Build established: Mutant 13305 | -7/Garrison | Discovered new exit (range 13) 13474 | -7/Garrison | Garrison Relay disabled 13634 | -7/Garrison | Triggered checkpoint 13654 | -7/Garrison | Triggered checkpoint 13716 | -7/Garrison | Triggered checkpoint 13849 | -7/Garrison | Build established: Commander-Mutant 14195 | -7/Garrison | Entered Factory 14195 | -7/Factory | Accompanied by 8 allies 14240 | -7/Factory | Identified exit to Garrison 14251 | -7/Factory | Entered Garrison 14251 | -7/Garrison | Accompanied by 8 allies 14289 | -7/Garrison | Triggered checkpoint 14446 | -7/Garrison | Rescued a captive Derelict 14447 | -7/Garrison | Rescued a captive Derelict 14468 | -7/Garrison | Garrison Relay disabled 14647 | -7/Garrison | Triggered checkpoint 14649 | -7/Garrison | Triggered checkpoint 14731 | -7/Garrison | Triggered checkpoint 14806 | -7/Garrison | Discovered new exit (range 12) 14865 | -7/Garrison | Triggered checkpoint 14882 | -7/Garrison | Garrison Relay disabled 15025 | -7/Garrison | Triggered checkpoint 15095 | -7/Garrison | Discovered new exit (range 10) 15141 | -7/Garrison | Triggered checkpoint 15167 | -7/Garrison | Triggered checkpoint 15176 | -7/Garrison | Lost 4 allies 15185 | -7/Garrison | Garrison Relay disabled 15409 | -7/Garrison | Triggered checkpoint 15448 | -7/Garrison | Garrison Relay disabled 15515 | -7/Garrison | Triggered checkpoint 15595 | -7/Garrison | Triggered checkpoint 15659 | -7/Garrison | Build established: Bothacker-Tank 15725 | -7/Garrison | Garrison Relay disabled 15937 | -7/Garrison | Triggered checkpoint 15971 | -7/Garrison | Phase Generator disabled 15995 | -7/Garrison | Discovered new exit (range 29) 15995 | -7/Garrison | Discovered new exit (range 86) 15995 | -7/Garrison | Discovered new exit (range 39) 16036 | -7/Garrison | Expanded RIF knowledge: Program Shield 16530 | -7/Garrison | Entered Factory 16530 | -6/Factory | Accompanied by 9 allies 16530 | -6/Factory | Evolved 2 slots: Propulsion x1, Utility x1 16531 | -6/Factory | Identified exit to Extension 16984 | -6/Factory | Identified exit to Garrison 16984 | -6/Factory | Entered Garrison 16984 | -6/Garrison | Accompanied by 9 allies 17066 | -6/Garrison | Triggered checkpoint 17104 | -6/Garrison | Garrison Relay disabled 17124 | -6/Garrison | Lost 5 allies 17264 | -6/Garrison | Triggered checkpoint 17325 | -6/Garrison | Spotted B-75 Beast 17351 | -6/Garrison | Allies destroyed B-75 Beast 17393 | -6/Garrison | Lost 6 allies 17496 | -6/Garrison | Triggered checkpoint 17587 | -6/Garrison | Garrison Relay disabled 17603 | -6/Garrison | Found embedded Infiltrators 17642 | -6/Garrison | Phase Generator disabled 17674 | -6/Garrison | Triggered checkpoint 17698 | -6/Garrison | Discovered new exit (range 12) 17810 | -6/Garrison | Triggered checkpoint 18077 | -6/Garrison | Expanded RIF knowledge: Threat Obfuscation 18222 | -6/Garrison | Discovered new exit (range 10) 18284 | -6/Garrison | Rewired Executioner 18339 | -6/Garrison | Rewired Striker 18402 | -6/Garrison | Triggered checkpoint 18406 | -6/Garrison | Garrison Relay disabled 18442 | -6/Garrison | Triggered checkpoint 18544 | -6/Garrison | Discovered new exit (range 10) 18628 | -6/Garrison | Garrison Relay disabled 18716 | -6/Garrison | Entered Factory 18716 | -5/Factory | Accompanied by 6 allies 18716 | -5/Factory | Evolved 2 slots: Power x1, Utility x1 18987 | -5/Factory | Build established: Scavenger-Tank 19016 | -5/Factory | First assault squad dispatched 19527 | -5/Factory | Identified exit to Garrison 19527 | -5/Factory | Entered Garrison 19645 | -5/Garrison | Expanded RIF knowledge: Watcher Feeds 19727 | -5/Garrison | Triggered checkpoint 19831 | -5/Garrison | Garrison Relay disabled 19981 | -5/Garrison | Spotted B-75 Beast 20037 | -5/Garrison | Triggered checkpoint 20146 | -5/Garrison | Destroyed B-75 Beast 20176 | -5/Garrison | Lost 3 parts (2u1w) 20277 | -5/Garrison | Lost 3 parts (1n1u1w) 20319 | -5/Garrison | Discovered new exit (range 8) 20498 | -5/Garrison | Triggered checkpoint 20544 | -5/Garrison | Build established: Scavenger-Mutant 20758 | -5/Garrison | Discovered new exit (range 13) 20869 | -5/Garrison | Triggered checkpoint 21173 | -5/Garrison | Build established: Scavenger-Tank 21273 | -5/Garrison | Triggered checkpoint 21409 | -5/Garrison | Discovered new exit (range 46) 21409 | -5/Garrison | Discovered new exit (range 17) 21409 | -5/Garrison | Discovered new exit (range 82) 21631 | -5/Garrison | Rewired Striker 21639 | -5/Garrison | Rewired Striker 21776 | -5/Garrison | Garrison Relay disabled 22158 | -5/Garrison | Spotted B-75 Beast 22171 | -5/Garrison | Allies destroyed B-75 Beast 22477 | -5/Garrison | Build established: Tank 22641 | -5/Garrison | Entered Factory 22641 | -4/Factory | Accompanied by 3 allies 22641 | -4/Factory | Evolved 2 slots: Utility x2 22783 | -4/Factory | Discovered new exit (range 15) 23032 | -4/Factory | Spotted B-86 Titan 23052 | -4/Factory | Allies destroyed B-86 Titan 23085 | -4/Factory | Lost 3 allies 23240 | -4/Factory | Found Quantum Capacitor 23290 | -4/Factory | Identified exit to Garrison 23290 | -4/Factory | Entered Garrison 23493 | -4/Garrison | Build established: Botlord-Tank 23508 | -4/Garrison | Lost 3 allies 23593 | -4/Garrison | Spotted B-86 Titan 23653 | -4/Garrison | Lost 3 parts (3u) 23673 | -4/Garrison | Destroyed B-86 Titan 23794 | -4/Garrison | Triggered checkpoint 23835 | -4/Garrison | Lost 5 allies 23918 | -4/Garrison | Garrison Relay disabled 23960 | -4/Garrison | Triggered checkpoint 23984 | -4/Garrison | Triggered checkpoint 24016 | -4/Garrison | Triggered checkpoint 24346 | -4/Garrison | Triggered checkpoint 24356 | -4/Garrison | Triggered checkpoint 24387 | -4/Garrison | Triggered checkpoint 24499 | -4/Garrison | Garrison Relay disabled 24512 | -4/Garrison | Triggered checkpoint 24589 | -4/Garrison | Discovered new exit (range 15) 24733 | -4/Garrison | Garrison Relay disabled 24756 | -4/Garrison | Triggered checkpoint 24833 | -4/Garrison | Expanded RIF knowledge: Patrol Navigation 24885 | -4/Garrison | Discovered new exit (range 10) 24972 | -4/Garrison | Triggered checkpoint 24974 | -4/Garrison | Assimilated Heavy ARC 7a with formatsys_deep 25175 | -4/Garrison | Discovered new exit (range 13) 25427 | -4/Garrison | Lost 5 allies 25432 | -4/Garrison | Garrison Relay disabled 25440 | -4/Garrison | Triggered checkpoint 25445 | -4/Garrison | Found embedded Infiltrators 25625 | -4/Garrison | Entered Research 25625 | -3/Research | Accompanied by 6 allies 25625 | -3/Research | Evolved 2 slots: Utility x2 26133 | -3/Research | Lost 3 allies 26353 | -3/Research | Identified exit to Garrison 26353 | -3/Research | Entered Garrison 26447 | -3/Garrison | Spotted B-86 Titan 26447 | -3/Garrison | Spotted B-86 Titan 26520 | -3/Garrison | Destroyed B-86 Titan 26587 | -3/Garrison | Lost 5 parts (1n3u1w) 26599 | -3/Garrison | Destroyed B-86 Titan 26764 | -3/Garrison | Lost 3 parts (2u1w) 27112 | -3/Garrison | Assimilated Heavy ARC 8a with formatsys_deep 27199 | -3/Garrison | Triggered checkpoint 27241 | -3/Garrison | Lost 3 parts (1p1n1w) 27468 | -3/Garrison | Expanded RIF knowledge: Hotswap 27536 | -3/Garrison | Lost 14 parts (2p4n4u4w) 27564 | -3/Garrison | Lost 4 allies 27686 | -3/Garrison | Discovered new exit (range 14) 28008 | -3/Garrison | Garrison Relay disabled 28312 | -3/Garrison | Phase Generator disabled 28509 | -3/Garrison | Garrison Relay disabled 28601 | -3/Garrison | Discovered new exit (range 14) 28693 | -3/Garrison | Lost 3 allies 28874 | -3/Garrison | Discovered new exit (range 14) 28945 | -3/Garrison | Spotted B-86 Titan 28959 | -3/Garrison | Core integrity fell below 50% 28977 | -3/Garrison | Destroyed B-86 Titan 28994 | -3/Garrison | Found Hvy. Reflective Plating 29235 | -3/Garrison | Garrison Relay disabled 29409 | -3/Garrison | Entered Research 29409 | -2/Research | Evolved 2 slots: Utility x2 29540 | -2/Research | Identified exit to Garrison 29545 | -2/Research | Entered Garrison 29545 | -2/Garrison | Accompanied by 1 ally 29623 | -2/Garrison | Expanded RIF knowledge: Coupler Efficiency 29677 | -2/Garrison | Triggered checkpoint 29701 | -2/Garrison | Triggered checkpoint 29746 | -2/Garrison | Lost 10 parts (1p1n5u3w) 29778 | -2/Garrison | Spotted B-90 Cyclops 29824 | -2/Garrison | Lost 4 allies 29827 | -2/Garrison | Destroyed B-90 Cyclops 29957 | -2/Garrison | Garrison Relay disabled 30093 | -2/Garrison | Triggered checkpoint 30153 | -2/Garrison | Garrison Relay disabled 30187 | -2/Garrison | Garrison Relay disabled 30261 | -2/Garrison | Triggered checkpoint 30303 | -2/Garrison | Discovered new exit (range 14) 30404 | -2/Garrison | Triggered checkpoint 30425 | -2/Garrison | Spotted B-90 Cyclops 30430 | -2/Garrison | Spotted B-90 Cyclops 30539 | -2/Garrison | System corruption reached 10% 30562 | -2/Garrison | Lost 5 allies 30585 | -2/Garrison | Discovered new exit (range 9) 30590 | -2/Garrison | Lost 9 parts (1p1n4u3w) 30697 | -2/Garrison | Garrison Relay disabled 30739 | -2/Garrison | Triggered checkpoint 30759 | -2/Garrison | Triggered checkpoint 30779 | -2/Garrison | Triggered checkpoint 30999 | -2/Garrison | Rescued a captive Derelict 31165 | -2/Garrison | Triggered checkpoint 31247 | -2/Garrison | Triggered checkpoint 31296 | -2/Garrison | Garrison Relay disabled 31362 | -2/Garrison | Discovered new exit (range 15) 31630 | -2/Garrison | Entered Research 31630 | -2/Research | Accompanied by 7 allies 31810 | -2/Research | Spotted B-90 Cyclops 31812 | -2/Research | Assimilated Cyclops 9a with formatsys_high 31851 | -2/Research | Lost 9 allies 31863 | -2/Research | Discovered new exit (range 19) 31880 | -2/Research | First assault squad dispatched 31906 | -2/Research | Assimilated Heavy ARC 9a with formatsys_deep 32000 | -2/Research | Lost 3 allies 32014 | -2/Research | Lost 4 parts (1p1n2u) 32017 | -2/Research | Garrison activated, responded to threat 32033 | -2/Research | Identified exit to Garrison 32033 | -2/Research | Entered Garrison 32069 | -2/Garrison | Expanded RIF knowledge: Crosswire 32100 | -2/Garrison | Triggered checkpoint 32112 | -2/Garrison | Build established: Botlord-Gunner 32156 | -2/Garrison | Garrison Relay disabled 32330 | -2/Garrison | Triggered checkpoint 32330 | -2/Garrison | Triggered checkpoint 32405 | -2/Garrison | Triggered checkpoint 32627 | -2/Garrison | Triggered checkpoint 32651 | -2/Garrison | Garrison Relay disabled 32706 | -2/Garrison | Build established: Botlord-Tank 32743 | -2/Garrison | Assimilated Heavy ARC 9b with formatsys_deep 32779 | -2/Garrison | Discovered new exit (range 13) 32791 | -2/Garrison | Triggered checkpoint 32821 | -2/Garrison | Discovered new exit (range 3) 32995 | -2/Garrison | Lost 3 allies 33033 | -2/Garrison | Triggered checkpoint 33072 | -2/Garrison | Garrison Relay disabled 33153 | -2/Garrison | Phase Generator disabled 33153 | -2/Garrison | Discovered new exit (range 9) 33231 | -2/Garrison | Found embedded Infiltrators 33338 | -2/Garrison | Lost 5 allies 33399 | -2/Garrison | Core integrity fell below 50% 33485 | -2/Garrison | Spotted B-90 Cyclops 33509 | -2/Garrison | Destroyed B-90 Cyclops 33745 | -2/Garrison | Discovered new exit (range 13) 33773 | -2/Garrison | Triggered checkpoint 33883 | -2/Garrison | Triggered checkpoint 33897 | -2/Garrison | Garrison Relay disabled 33913 | -2/Garrison | Garrison Relay disabled 34481 | -2/Garrison | Entered Access 34481 | -1/Access | Accompanied by 2 allies 34481 | -1/Access | Evolved 2 slots: Propulsion x1, Utility x1 34782 | -1/Access | Spotted B-99 Colossus 34841 | -1/Access | Self-destructed Last Messages --------------- 34829_ Penetrated by Slug. 34829_ Hcp. Storage Unit destroyed. 34829_ Slug penetrates Door. 34832_ Hvy. Armor Plating destroyed. 34832_ Knocked back. 34832_ Slug penetrates Wall. 34832_ Penetrated by Slug. 34832_ Adv. Cooling System destroyed. 34832_ Slug penetrates Door. 34833_ B-99 Colossus suffers critical hit (Impale). 34837_ Knocked back. 34837_ Penetrated by Slug. 34837_ Slug penetrates Door. 34837_ Adv. Phase Shifter destroyed. 34840_ Knocked back. 34840_ Penetrated by Slug. 34840_ Lgt. Quantum Reactor destroyed. 34840_ Penetrated by Slug. 34840_ Slug penetrates Door. 34841_ Door collapses. Map ----- +----------------------------------------------------+ | ?????????????????????????????????????? | | ?????????????????????????????????????? | | ?????????????????????????????????????? | | ?????????????????????????????????????? | | ?????????????????????????????????????? | | ?????????????????????????????????????? | | ?????????????????????????????????????? | | ????????????????? ???????????????????? | | ????????????????# ???????????????????? | | ???????????????#"######??????????????? | | ??????????????? ????????????? | | ?????????????? ????????????? | | ?????????????? ???????????? | | ?????????????? !???????????? | | ??????#???????!!! ??????????? | | ??????# ??????!!! ??????????? | | ????##? ###???!!! ??????????? | | #####;#+;;;##? ?????????? | | # ## * ?????????? | | # ## !%[ ????????? | | # ;; = ????????? | | # % ; ! = ! ????????? | | # ; !%%%%%! ????????? | | # !! ["! ????????? | | # !;=!| """ ?????????? | | # %%#@!|% """" ????????? | | # [;*!! #???????? | | # [%#!!BB #???????? | | # !#% BB #???????? | | # #### ## ????????? | | # #??? ## ????????? | | ####+##+##+##???#### ????????? | | ???# #???????# ????????? | | ???# #???????# ????????? | | ???# #???????# #???????? | | ???# #???????# #???????? | | ???# #???????# #???????? | | ???### ######### #???????? | | ?????# ^ #???????? | | ?????# [^ #???????? | | ?????# ^^ #???????? | | ?????# ^[[ #???????? | | ?????#^[[[ #??????? | | ?????# [[ #+##+## ########/ | | ?????# # # | | ?????# + # | | ?????# # # | | ?????# # # != | | ?????# = # # !! | | ?????# ##### # !! | +----------------------------------------------------+ Best States ------------- Heat Dissipation 144 Coolant Potential 100 Energy Generation 53 Energy Capacity 600 Matter Stores 300 Matter Capacity 300 Sight Range 16 Terrain Scan Density 10 Armor Coverage 900 Resistance: TH 25 Resistance: EM 25 Weapon Cycling 25 Phase Shifting 15 Evasion (%) 70 Targeting Accuracy 14 Target Analysis 6 Recoil Reduction 4 Particle Charging 25 Defensive Hacking 10 Relay Coupler Types 9 Relay Coupler Value 196 Item Schematics ----------------- None Robot Schematics ------------------ None Fabricated ------------ Nothing Repaired ---------- Nothing Studied --------- Autogun | -9/Materials | Hacked Adv. Treads | -8/Materials | Hacked Hvy. Assault Rifle | -8/Materials | Hacked Imp. Treads | -8/Materials | Hacked Arm. Treads | -7/Factory | Hacked Hyp. Gauss Cannon | -5/Factory | Hacked Alien Tech Used ----------------- None Achievements -------------- Deep Understanding Fancy Inventory Hack The Planet Hackathon Hackerman Hydra Oppo Buddy Satisfying Tank Life Versatile Challenges ------------ None Game ------ Seed FlightWeightClaymores Manual? 0 Play Time 04:29:19 Cumulative 209.3 hours Start 2025.12.15 @ 18:12:09 End 2025.12.19 @ 12:47:20 Sessions 15 Manual Loads 0 Difficulty Rogue Special Mode None Game No. 290 Rogue 290 Adventurer 0 Explorer 0 Win Type - Total 3 Types 2/0/0/1/0/0/0/0/0/0 Lore% 73 Gallery% 73 Achievement% 47 Wizard Run 0 Options --------- Layout 0 ASCII 0 Keyboard 0 Movement Mouse Keybinds 0 Fullscreen 1 Font 16/SmallcapsGlow Map View 75x55 Zoom Use 0% Tactical HUD 1 Map Filters NONE Filters NONE Steam 1 RUN: 7c91fd09-f414-435d-ad25-159850820736